 Dungeon Crawl Stone Soup version 0.13-a0-2450-ga447c6a (webtiles) character file.

1401 Rycklaryybbe the Covert (level 8, -3/35 HPs)
             Began as a Spriggan Wizard on July 17, 2013.
             Was an Initiate of Ashenzari.
             Slain by an ogre
             ... wielding a +0,+0 giant club
              (33 damage)
             ... on Level 5 of the Dungeon.
             The game lasted 00:27:11 (5916 turns).

Rycklaryybbe the Covert (Spriggan Wizard)           Turns: 5916, Time: 00:27:11

HP  -3/35        AC  3     Str  5      XL: 8   Next: 13%
MP  27/27        EV 20     Int 19      God: Ashenzari [......]
Gold 269         SH  0     Dex 15      Spells:  6 memorised, 10 levels left

Res.Fire  : . . .   See Invis. : +   j - +3 dwarf dagger (venom) (curse)
Res.Cold  : . . .   Warding    : .   g - +0 robe {rN+}
Life Prot.: + . .   Conserve   : .   (shield restricted)
Res.Poison: .       Res.Corr.  : .   b - +1 wizard hat
Res.Elec. : .       Clarity    : .   (no cloak)
Sust.Abil.: . .     Spirit.Shd : .   (gloves unavailable)
Res.Mut.  : .       Stasis     : .   (boots unavailable)
Res.Rott. : .       Flight     : .   (no amulet)
Saprovore : . . .                    (no ring)
                                     (no ring)

@: very quick, somewhat resistant to hostile enchantments, very stealthy
A: unfitting armour, see invisible, herbivore 3, speed 3, slow metabolism 2
a: Renounce Religion


You were on level 5 of the Dungeon.
You worshipped Ashenzari.
Ashenzari was noncommittal.
You were hungry.

You visited 2 branches of the dungeon, and saw 6 of its levels.

You collected 249 gold pieces.

Inventory:

Hand weapons
 j - a cursed +3,+3 dwarven dagger of venom (weapon)
 p - a +2,+3 orcish short sword
Missiles
 h - 40 poisoned needles
 y - 3 poisoned darts (quivered)
Armour
 a - a +0 robe
 b - a +1 wizard hat (worn)
 g - a +0 robe of positive energy (worn)
Magical devices
 C - a wand of lightning (7) {unknown}
 E - a wand of paralysis (16) {unknown}
Comestibles
 f - 5 bread rations
 n - an apple
 G - a choko
Scrolls
 d - a scroll of curse weapon
 e - a scroll of remove curse
 i - a scroll of enchant weapon I
 l - 4 scrolls of identify
 r - 2 scrolls of magic mapping
 s - 4 scrolls of recharging
 t - a scroll of amnesia {unknown}
 v - a scroll of teleportation
 x - 2 scrolls of curse armour
 D - 2 scrolls of curse jewellery
 F - a scroll of enchant weapon II
Jewellery
 m - an uncursed amulet of guardian spirit
Potions
 k - 2 potions of curing
 o - a potion of flight {unknown}
 q - a potion of restore abilities
 u - a potion of magic {unknown}
Books
 c - a book of Minor Magic

   Spells                             Type                      Level
   *Magic Dart                        Conjuration                  1
   *Blink                             Translocation                2
   Call Imp                           Summoning                    2
   *Repel Missiles                    Charms/Air                   2
   *Slow                              Hexes                        2
   *Conjure Flame                     Conjuration/Fire             3
   *Mephitic Cloud                    Conjuration/Poison/Air       3


   Skills:
 + Level 5.7 Dodging
 + Level 9.0 Stealth
 + Level 8.1 Spellcasting
 - Level 0.6 Conjurations
   Level 0.7 Summonings
 - Level 1.5 Translocations
 - Level 1.5 Air Magic
 - Level 3.1 Poison Magic


You had 10 spell levels left.
You knew the following spells:

 Your Spells              Type           Power        Failure   Level  Hunger
a - Magic Dart            Conj           ##..         10%         1    None
b - Blink                 Tloc           N/A          10%         2    None
c - Mephitic Cloud        Conj/Pois/Air  ##......     14%         3    #......
d - Conjure Flame         Conj/Fire      #.......     28%         3    #......
e - Repel Missiles        Chrm/Air       ##........   12%         2    None
f - Slow                  Hex            #.......     14%         2    None


Dungeon Overview and Level Annotations

Branches:
Dungeon (5/27)             Temple (1/1) D:5

Altars:
Ashenzari
Xom
the Shining One

Shops:
D:4: %


Innate Abilities, Weirdness & Mutations

You are tiny and cannot use many weapons and most armour.
You have supernaturally acute eyesight.
You are a herbivore.
You cover ground extremely quickly.
You need consume almost no food.


Message History

The ogre misses you.
You hit the ogre.
The ogre is poisoned.
The ogre is lightly wounded.
The crimson imp blinks!
The kobold misses you.
You barely miss the kobold. The kobold closely misses you.
You hit the kobold.
The kobold is poisoned.
The kobold is severely wounded.
The kobold hits you with a dagger.
The ogre misses something.
You hit the kobold.
You kill the kobold!
You hit the crimson imp.
The crimson imp is heavily wounded.
The ogre seems less confused.
The crimson imp picks up an uncursed dagger.
The crimson imp wields an uncursed dagger.
You hit the ogre.
The ogre looks even sicker.
The ogre is heavily wounded.
The ogre hits you with a giant club!
Ouch! That really hurt!
You die...

#.### #.#.#.#.#.# #.#
...........############
#.#
..#.......#.............
#.#
....................###.
#.#
..#....$..##.######.# #.
#.# .......>....[.# #.#
#< # #..#.......#### #.#
#. #.....5....# #.# #.
###.#.#@#.#########.###.
#....O..## #......)#...
##.....## #.#######...
##...## #.#.........
##.# #.#.#####...
#.#######...........
#........##.#####.#.
#.######.##.## #... #.#
#.#...####.##


You could see an ogre and a crimson imp.

Vanquished Creatures
  The ghost of Poody the Charmwright, an experienced TeWr of Nemelex Xobeh (D:5)
  A hungry ghost (D:4)
  A centaur (D:5)
  An ogre (D:4)
  An ice beast (D:5)
  4 orc wizards
  An orc priest (D:4)
  A scorpion (D:5)
  An iguana (D:4)
  A worker ant (D:5)
  A hound skeleton (D:4)
  10 adders
  6 gnolls
  A giant mite (D:1)
  2 worms
  A giant eyeball (D:5)
  7 giant geckos
  4 oozes
  14 orcs
  A bat zombie (D:3)
  3 giant cockroaches
  10 goblins
  17 hobgoblins
  4 jackals
  11 kobolds
  A quokka (D:5)
  A ball python (D:3)
  13 bats
  An orc skeleton (D:4)
  11 rats
132 creatures vanquished.

Vanquished Creatures (others)
  2 jackals (D:1)
2 creatures vanquished.

Grand Total: 134 creatures vanquished

Notes
Turn   | Place    | Note
--------------------------------------------------------------
     0 | D:1      | Rycklaryybbe, the Spriggan Wizard, began the quest for the Orb.
     0 | D:1      | Reached XP level 1. HP: 7/7 MP: 7/7
   350 | D:1      | Reached XP level 2. HP: 7/11 MP: 4/10
   830 | D:1      | Learned a level 2 spell: Blink
  1009 | D:1      | Reached XP level 3. HP: 12/15 MP: 7/13
  1312 | D:2      | Reached skill level 5 in Stealth
  1312 | D:2      | Reached skill level 5 in Spellcasting
  1349 | D:2      | Learned a level 3 spell: Mephitic Cloud
  1353 | D:2      | Learned a level 3 spell: Conjure Flame
  1676 | D:2      | Reached XP level 4. HP: 19/19 MP: 13/17
  2392 | D:3      | Reached skill level 6 in Stealth
  2774 | D:3      | Reached XP level 5. HP: 23/23 MP: 20/20
  3401 | D:3      | Reached skill level 1 in Poison Magic
  3688 | D:4      | Noticed an ogre
  3978 | D:4      | Killed an ogre
  3978 | D:4      | Reached XP level 6. HP: 27/27 MP: 8/22
  4073 | D:4      | Noticed a hungry ghost
  4103 | D:4      | Killed a hungry ghost
  4103 | D:4      | Reached skill level 7 in Stealth
  4103 | D:4      | Reached skill level 1 in Air Magic
  4471 | D:4      | Reached XP level 7. HP: 10/30 MP: 13/24
  4765 | D:4      | Found Adghatih's Food Shop.
  4893 | D:5      | Entered Level 5 of the Dungeon
  4939 | D:5      | Found a glowing golden altar of the Shining One.
  4967 | D:5      | Noticed Poody's ghost (experienced TeWr)
  5095 | D:5      | Killed Poody's ghost
  5095 | D:5      | Reached skill level 8 in Stealth
  5314 | D:5      | Found a staircase to the Ecumenical Temple.
  5340 | Temple   | Entered the Ecumenical Temple
  5348 | Temple   | Became a worshipper of Ashenzari the Shackled
  5544 | D:5      | Reached skill level 5 in Dodging
  5597 | D:5      | Reached XP level 8. HP: 19/35 MP: 27/27
  5703 | D:5      | Learned a level 2 spell: Repel Missiles
  5706 | D:5      | Learned a level 2 spell: Slow
  5772 | D:5      | Reached skill level 9 in Stealth
  5916 | D:5      | Slain by an ogre

Action                   |  1- 3 |  4- 6 |  7- 9 || total
-------------------------+-------+-------+-------++-------
Melee: Unarmed           |     4 |       |       ||     4
       Dagger            |    23 |   119 |    81 ||   223
       Short sword       |     2 |       |       ||     2
 Cast: Magic Dart        |    94 |   140 |    56 ||   290
       Mephitic Cloud    |       |    15 |     6 ||    21
       Conjure Flame     |       |       |     7 ||     7
  Use: Potion            |       |     1 |       ||     1
       Scroll            |       |       |    15 ||    15
 Stab: Sleeping          |     4 |     4 |     4 ||    12
       Confused          |       |     5 |     7 ||    12
